 Dungeon Crawl Stone Soup version 0.29.1-1-gd02db6906a (webtiles) character file.

Game seed: 3861281888581543649

128 Earthwalker the Covered (level 4, -4/40 HPs)
             Began as a Minotaur Fighter on Oct 15, 2022.
             Slain by a gnoll
             ... wielding a +0 halberd
              (9 damage)
             ... on level 3 of the Dungeon.
             The game lasted 00:03:12 (2125 turns).

Earthwalker the Covered (Minotaur Fighter)          Turns: 2125, Time: 00:03:12

Health: -4/40      AC:  7    Str: 23    XL:     4   Next: 86%
Magic:  3/3        EV:  9    Int:  5    God:
Gold:   164        SH:  4    Dex:  9    Spells: 3/3 levels left

rFire   . . .      SeeInvis .   a - +0 trident
rCold   . . .      Faith    .   c - +0 buckler
rNeg    . . .      Spirit   .   b - +0 scale mail
rPois   .          Reflect  .   (helmet restricted)
rElec   .          Harm     .   (no cloak)
rCorr   .          Rampage  .   (no gloves)
Will    .....                   (no boots)
Stlth   ..........              (no amulet)
HPRegen 0.13/turn               (no ring)
MPRegen 0.08/turn               (no ring)

@: no status effects
A: horns 2, retaliatory headbutt
a: no special abilities


You were on level 3 of the Dungeon.
You visited 1 branch of the dungeon, and saw 3 of its levels.

You collected 164 gold pieces.

Inventory:

Hand Weapons
 a - a +0 trident (weapon)
Missiles
 e - 6 javelins (quivered)
 n - 4 atropa-tipped darts
Armour
 b - a +0 scale mail (worn)
 c - a +0 buckler (worn)
Scrolls
 f - a scroll of noise {unknown}
 h - 2 scrolls of amnesia {unknown}
 i - a scroll of butterflies {unknown}
 j - 4 scrolls of immolation {unknown}
 l - a scroll of identify {unknown}
 m - a scroll of enchant weapon {unknown}
Potions
 d - a potion of might
 g - 2 potions of mutation {unknown}
 k - a potion of haste {unknown}


   Skills:
 * Level 4.2 Fighting
 * Level 3.8 Polearms
 * Level 4.8 Armour
 * Level 1.2 Dodging
 * Level 4.3 Shields


You had 3 spell levels left.
You didn't know any spells.
Your spell library contained the following spells:

 Spells                   Type           Power      Damage    Failure   Level
 Sting                    Tmut/Pois      0%         1d3       86%         1
 Poisonous Vapours        Pois/Air       0%         N/A       95%         2
 Olgreb's Toxic Radiance  Pois           0%         N/A       100%        4


Dungeon Overview and Level Annotations

Branches:
Dungeon (3/15)

Altars:

Shops:
D:2 !

Annotations:
D:1 2 runed translucent doors


Innate Abilities, Weirdness & Mutations

You have a pair of horns on your head.
You reflexively headbutt those who attack you in melee.


Message History

You kill the gnoll!
The gnoll barely misses you.
You reach to attack!
You hit the gnoll but do no damage.
The gnoll hits you from afar with a +0 halberd.
You reach to attack!
You barely miss the gnoll. The gnoll completely misses you.
You reach to attack!
You hit the gnoll.
The gnoll is lightly wounded.
The gnoll hits you but does no damage.
You reach to attack!
You hit the gnoll.
The gnoll is heavily wounded.
The gnoll hits you from afar with a +0 halberd.
You are too injured to fight recklessly!
You are too injured to fight recklessly!
You are too injured to fight recklessly!
You are too injured to fight recklessly!
You are too injured to fight recklessly!
You are too injured to fight recklessly!
You are too injured to fight recklessly!
You are too injured to fight recklessly!
You are too injured to fight recklessly!
You are too injured to fight recklessly!
You are too injured to fight recklessly!
You are too injured to fight recklessly!
You are too injured to fight recklessly!
You are too injured to fight recklessly!
You are too injured to fight recklessly!
You are too injured to fight recklessly!
You are too injured to fight recklessly!
You are too injured to fight recklessly!
You are too injured to fight recklessly!
You are too injured to fight recklessly!
You are too injured to fight recklessly!
You are too injured to fight recklessly!
The gnoll hits you with a +0 halberd!
* * * LOW HITPOINT WARNING * * *
You barely miss the gnoll.
The gnoll is heavily wounded.
The gnoll hits you with a +0 halberd!
You die...

...# ...# ### #.# ...#
...# #.# ...# ....# #.#
...##.....# #.#
........... #.#
.>###.....# #.#
..#####.########g#
.......... ...##@#
..#####.#####.##.###
......#............#
#.###.#######.###......
..# #.# #.# .##### ###
#.# #.# .. # #.# #.#
### # #.# #.# # #.# #.#
#.#


You could see a gnoll.

Vanquished Creatures
  4 gnolls
  3 adders
  A dart slug (D:2)
  5 ball pythons
  9 bats
  7 endoplasms
  A giant cockroach (D:1)
  7 goblins
  3 hobgoblins
  3 jackals (D:2)
  6 kobolds
  A quokka (D:1)
  6 frilled lizards
  4 rats
60 creatures vanquished.

Notes
Turn   | Place    | Note
-------+----------+-------------------------------------------
     0 | D:1      | Earthwalker the Minotaur Fighter began the quest for the
                  | Orb.
     0 | D:1      | Reached XP level 1. HP: 19/19 MP: 0/0
    55 | D:1      | Found a large runed translucent door.
    55 | D:1      | Found a large runed translucent door.
   201 | D:1      | Reached XP level 2. HP: 27/27 MP: 1/1
   850 | D:1      | Reached XP level 3. HP: 33/33 MP: 2/2
  1312 | D:2      | Found Wenyustount's Distillery.
  1404 | D:2      | Reached skill level 1 in Dodging
  1600 | D:3      | Reached XP level 4. HP: 40/40 MP: 3/3
  1791 | D:3      | Found a faded altar of an unknown god.
  2125 | D:3      | Slain by a gnoll

Illustrated notes

Levels and vault maps discovered:
D:1:      erik_arrival_cave_to_civilisation [erik_arrival_cave_to_temple],
          layout_loops_ring
D:2:      layout_rooms, serial_shops, shop
D:3:      layout_loops_ring, hellmonk_ecumenical_altar_slurped_away,
          uniq_crazy_yiuf_cottage

Skill      XL: |  1  2  3 |
---------------+----------+-----
Armour         | 4 |  4.8
Shields        | 4 |  4.3
Fighting       | 4 |  4.2
Polearms       | 3 |  3.8
Dodging        | 1 |  1.2

Action                   |  1- 3 |  4- 6 || total
-------------------------+-------+-------++-------
Melee: Trident           |    87 |    57 ||   144
       Headbutt          |    10 |     4 ||    14
Armor: Scale mail        |    29 |    13 ||    42
Dodge: Dodged            |    24 |    14 ||    38
Block: Buckler           |     7 |    10 ||    17
